 Dungeon Crawl Stone Soup version 0.32-a0-540-g866d13106e (webtiles) character file.

Game seed: 18119052931772365738

1089 hikkokomori the Chopper (level 8, -1/67 HPs)
             Began as a Mountain Dwarf Fighter on Feb 28, 2024.
             Was an Initiate of Gozag.
             Slain by an orc
             ... wielding a +0 trident
              (3 damage)
             ... on level 5 of the Dungeon.
             The game lasted 00:12:57 (5071 turns).

hikkokomori the Chopper (Mountain Dwarf Fighter)    Turns: 5071, Time: 00:12:57

Health: -1/67      AC: 10    Str: 18    XL:     8   Next: 9%
Magic:  10/10      EV:  9    Int: 12    God:    Gozag
Gold:   246        SH:  4    Dex:  9    Spells: 6/10 levels left

rFire   . . .        a - +0 war axe
rCold   . . .        c - +0 buckler
rNeg    + . .        b - +0 scale mail
rPois   .            t - +0 helmet
rElec   .            y - +0 cloak
rCorr   .            H - +0 pair of gloves
SInv    .            (no boots)
Will    .....        v - amulet of the acrobat Stlth
                     E - ring of positive energy
HPRegen 0.31/turn    (no ring)
MPRegen 0.12/turn

%: acrobat
@: mighty, gold aura
A: runic magic, artefact enchanting
a: Renounce Religion, Potion Petition, Call Merchant, Bribe Branch


You were on level 5 of the Dungeon.
You worshipped Gozag.
Gozag was aware of your devotion.
You visited 2 branches of the dungeon, and saw 6 of its levels.

You collected 316 gold pieces.
You paid 70 gold pieces to Gozag.

Inventory:

Hand Weapons
 a - a +0 war axe (weapon)
 k - a +0 dagger of venom
Missiles
 l - 6 boomerangs (quivered)
 G - 6 poisoned darts
Armour
 b - a +0 scale mail (worn)
 c - a +0 buckler (worn)
 m - a +0 plate armour
 t - a +0 helmet (worn)
 y - a +0 cloak (worn)
 z - the +1 robe of the Maze {MP+9 Dex+3}
   (You found it on level 4 of the Dungeon)

   Dex+3:     It affects your dexterity (+3).
   MP+9:      It affects your magic capacity (+9).
 A - a scarf of invisibility
 H - a +0 pair of gloves (worn)
Jewellery
 v - an amulet of the acrobat (around neck)
 E - a ring of positive energy (left hand)
Talismans
 e - a beast talisman
Wands
 s - a wand of warping (3)
 B - a wand of flame (10)
Scrolls
 f - a scroll of amnesia
 g - a scroll of enchant armour {unknown}
 h - a scroll of enchant weapon {unknown}
 i - a scroll of fog {unknown}
 j - a scroll of noise {unknown}
 q - a scroll of blinking {unknown}
 r - 2 scrolls of identify {unknown}
 w - 3 scrolls of teleportation
 C - a scroll of poison {unknown}
 F - a scroll of revelation {unknown}
Potions
 n - a potion of curing
 o - a potion of haste
 p - a potion of magic
 u - 2 potions of ambrosia {unknown}
 x - a potion of berserk rage {unknown}
 D - a potion of invisibility {unknown}


   Skills:
 + Level 4.4 Fighting
 - Level 6.0 Axes
 - Level 1.0 Throwing
 - Level 3.2 Armour
 - Level 5.0 Shields
 + Level 1.6 Spellcasting
 + Level 4.4 Necromancy
 - Level 5.0 Evocations


You had 6 spell levels left.
You knew the following spells:

 Your Spells              Type           Power      Damage    Failure   Level
a - Animate Dead          Necr           11%        N/A       61%         4

Your spell library contained the following spells:

 Spells                   Type           Power      Damage    Failure   Level
 Inner Flame              Hex/Fire       0%         N/A       82%         3
 Flame Wave               Conj/Fire      0%         2d4       99%         4
 Sticky Flame             Fire/Alch      0%         2d4       99%         4
 Borgnjor's Vile Clutch   Necr/Erth      3%         N/A       99%         5
 Death Channel            Necr           5%         N/A       100%        6


Dungeon Overview and Level Annotations

Branches:
Dungeon (5/15)             Temple (1/1) D:5

Altars:
Ashenzari
Cheibriados
Dithmenos
Elyvilon
Fedhas
Gozag
Hepliaklqana
Kikubaaqudgha
Makhleb
Okawaru
Qazlal
Ru
Trog
Uskayaw
Wu Jian
Xom
Zin

Shops:
D:5 :


Innate Abilities, Weirdness & Mutations

Your spellcasting is much less encumbered by armour.
You can use scrolls of enchantment on lesser artefacts.


Message History

You hit the gnoll but do no damage. The gnoll barely misses you.
You barely miss the gnoll. You barely miss the orc wizard.
The gnoll hits you with a +0 halberd.
The orc wizard hits you with a +0 dagger.
The gnoll hits you with a +0 halberd.
You barely miss the gnoll.
You hit the orc wizard but do no damage.
The orc wizard points at you and mumbles some strange words.
The puff of flame hits you but does no damage.
The orc hits you but does no damage. The gnoll barely misses you.
You hit the gnoll.
The gnoll is moderately wounded.
You hit the orc wizard. You block the orc wizard's attack.
The orc hits you from afar with a +0 trident.
The gnoll hits you but does no damage. You block the orc wizard's attack.
You hit the gnoll but do no damage.
The gnoll is moderately wounded.
You closely miss the orc wizard. The orc hits you but does no damage.
The gnoll hits you with a +0 halberd.
* * * LOW HITPOINT WARNING * * *
The orc wizard gestures at you while chanting.
You easily resist.
The orc hits you but does no damage. The gnoll hits you with a +0 halberd.
* * * LOW HITPOINT WARNING * * *
You feel very mighty all of a sudden.
The orc wizard points at you and mumbles some strange words.
The magic dart hits you.
* * * LOW HITPOINT WARNING * * *
The orc hits you from afar with a +0 trident.
* * * LOW HITPOINT WARNING * * *
The gnoll hits you with a +0 halberd.
* * * LOW HITPOINT WARNING * * *
Unknown command.
You closely miss the gnoll.
The gnoll is moderately wounded.
You slash the orc wizard!
You kill the orc wizard!
The orc hits you from afar with a +0 trident.
You die...
Your body crumbles into a pile of gold.

####.. ##.##.###
##.#.#..g##
#>#...o#$.# #.
##...#.##oo# #o#
##.##$# ..... .o#
#o##.# #.#ß.ß.#o#
#.g$.# ..
#..#g### #.@#.#
##. ##... #....#
.# #..# ##...# .
#.<## ##..# #
#W..# ##.###.####
#...g
##.............>#
#.........#######
#..###########
#..###### ##.####


You could see a gnoll and an orc.

Vanquished Creatures
  Sigmund (D:4)
  A lemure (D:4)
  2 phantoms
  Blork the orc (D:4)
  A scorpion (D:5)
  3 bombardier beetles (D:5)
  3 jellies
  3 hounds (D:5)
  An orc priest (D:5)
  An iguana (D:5)
  Natasha (thrice) (D:4)
  2 orc wizards (D:5)
  Robin (D:3)
  8 adders
  5 gnolls (D:5)
  4 dart slugs
  3 ribbon worms
  13 orcs
  8 ball pythons
  7 endoplasms
  3 giant cockroaches
  10 goblins
  11 hobgoblins
  13 jackals
  9 kobolds
  3 quokkas
  8 bats
  6 frilled lizards
  4 rats
138 creatures vanquished.

Vanquished Creatures (others)
  A black bear (D:5)
  A gnoll sergeant (D:5)
  A howler monkey (D:5)
  2 hounds (D:5)
5 creatures vanquished.

Grand Total: 143 creatures vanquished

Notes
Turn   | Place    | Note
-------+----------+-------------------------------------------
     0 | D:1      | hikkokomori the Mountain Dwarf Fighter began the quest for
                  | the Orb.
     0 | D:1      | Reached XP level 1. HP: 19/19 MP: 1/1
    91 | D:1      | Found a faded altar of an unknown god.
   134 | D:1      | Reached skill level 3 in Axes
   134 | D:1      | Reached XP level 2. HP: 26/26 MP: 2/2
   509 | D:2      | Reached XP level 3. HP: 26/31 MP: 3/3
   898 | D:2      | Reached skill level 4 in Axes
   972 | D:2      | Reached XP level 4. HP: 27/38 MP: 4/4
  1558 | D:3      | Noticed Robin
  1698 | D:3      | Killed Robin
  2349 | D:3      | Reached XP level 5. HP: 45/45 MP: 6/6
  2441 | D:4      | Reached skill level 1 in Spellcasting
  2612 | D:4      | Noticed Blork the orc
  2619 | D:4      | Killed Blork the orc
  2620 | D:4      | Reached skill level 5 in Axes
  2620 | D:4      | Reached skill level 5 in Shields
  2690 | D:4      | Identified the +1 robe of the Maze {MP+9 Dex+3}
  2773 | D:4      | Found a burning altar of Makhleb.
  2826 | D:4      | Noticed Natasha
  2833 | D:4      | Killed Natasha
  2899 | D:4      | Found a hide-covered altar of Uskayaw.
  2946 | D:4      | Reached skill level 6 in Axes
  2986 | D:4      | Noticed Sigmund
  2995 | D:4      | Learned a level 4 spell: Animate Dead
  3004 | D:4      | Killed Sigmund
  3005 | D:4      | Reached skill level 1 in Necromancy
  3005 | D:4      | Reached skill level 1 in Evocations
  3005 | D:4      | Reached XP level 6. HP: 49/52 MP: 7/7
  3191 | D:4      | Found a sacrificial altar of Ru.
  3305 | D:4      | Reached XP level 7. HP: 50/59 MP: 8/8
  3401 | D:4      | Noticed Natasha
  3402 | D:4      | Found a blossoming altar of Fedhas.
  3412 | D:4      | Killed Natasha
  3738 | D:4      | Noticed Natasha
  3752 | D:4      | Killed Natasha
  3791 | D:5      | Entered Level 5 of the Dungeon
  4218 | D:5      | Found a staircase to the Ecumenical Temple.
  4228 | D:5      | Found an ancient bone altar of Kikubaaqudgha.
  4524 | Temple   | Entered the Ecumenical Temple
  4537 | Temple   | Became a worshipper of Gozag Ym Sagoz the Greedy
  4595 | D:5      | Reached skill level 1 in Throwing
  4610 | D:5      | HP: 2/59 [phantom (5)]
  4622 | D:5      | Reached skill level 5 in Evocations
  4628 | D:5      | Reached XP level 8. HP: 13/66 MP: 9/9
  4817 | D:5      | Found a shimmering altar of Xom.
  4878 | D:5      | Found Tiloce's Book Shop.
  5070 | D:5      | HP: 1/67 [gnoll/+0 halberd (5)]
  5071 | D:5      | Slain by an orc

Illustrated notes

Levels and vault maps discovered:
D:1:      dpeg_arrival_castle, layout_rooms, hellmonk_ecumenical_altar_run_dry
D:2:      layout_loops_corners, st_stairs_6, dreamdust_princess_corridor,
          minivault_14, minmay_pentomino_w4
D:3:      layout_loops_cross, minmay_misc_feat_more_columns, uniq_robin
D:4:      layout_loops_corners, nicolae_ru_great_annihilating_truth,
          fedhas_altar_fruit_tree, general_overflow_altar, lemuel_doored_altar,
          hangedman_glass_teeth, uniq_natasha, uniq_sigmund, uniq_blork_the_orc
D:5:      layout_loops_cross, kiku_gazebo_garden_becter, xom_confusion_cloud,
          temple_pool_b, serial_shops, nicolae_shop_statue_plus,
          guppyfry_early_orc_mine, uniq_pikel
Temple:   nicolae_temple_bog_church

Skill      XL: |  1  2  3  4  5  6  7 |
---------------+----------------------+-----
Axes           | 3 4 6 |  6.0
Shields        | 4 5 |  5.0
Spellcasting   | 1 |  1.6
Necromancy     | 1 2 4 |  4.4
Evocations     | 1 2 5 |  5.0
Fighting       | 4 |  4.4
Throwing       | 1 |  1.0
Armour         | |  3.2

Action                     |  1- 3 |  4- 6 |  7- 9 || total
---------------------------+-------+-------+-------++-------
  Melee: War axe           |    94 |   188 |   156 ||   438
  Throw: Boomerang         |       |       |     3 ||     3
  Evoke: Wand              |       |     2 |    10 ||    12
    Use: Scroll            |       |     2 |       ||     2
         Potion            |       |     1 |     4 ||     5
   Stab: Paralysed         |       |     1 |       ||     1
 Armour: Scale mail        |    78 |   137 |   152 ||   367
  Dodge: Dodged            |    33 |   115 |    76 ||   224
  Block: Buckler           |    15 |    49 |    36 ||   100

Table legend: (Time is in decaauts)
 A = Elapsed time spent in this place.
 B = Non-inter-level travel time spent in this place.
 C = Inter-level travel time spent in this place.
 D = Time resting spent in this place.
 E = Time spent auto-exploring this place.
 F = Levels seen in this place.
 G = Mean time per level.
                   A        B        C        D        E       F      G
               +--------+--------+--------+--------+--------+-----+--------+
         Total |   5196 |   4939 |    257 |    325 |   3395 |   6 |  866.0 |
       Dungeon |   5169 |   4937 |    232 |    325 |   3395 |   5 | 1033.8 |
        Temple |     26 |      1 |     25 |      0 |      0 |   1 |   26.0 |
               +--------+--------+--------+--------+--------+-----+--------+

Top non-repeatable levels by time:
     D:4: 1556 daAuts
     D:2: 1187 daAuts
     D:5: 1037 daAuts
     D:3: 876 daAuts
     D:1: 511 daAuts
  Temple: 26 daAuts
